 Dungeon Crawl Stone Soup version 0.29-a0-1027-gcd8c55af63 (webtiles) character file.

Game seed: 13439623593612892994

1891480 lurch the Sensei (level 27, 246/246 HPs)
             Began as a Gnoll Summoner on Aug 11, 2022.
             Was the Champion of Ashenzari.
             Escaped with the Orb
             ... and 4 runes on Aug 12, 2022!
             The game lasted 06:16:10 (100951 turns).

lurch the Sensei (Gnoll Summoner)                 Turns: 100951, Time: 06:16:10

Health: 246/246    AC: 45    Str: 14      XL:     27
Magic:  42/45      EV: 20    Int: 29 (30) God:    Ashenzari [******]
Gold:   4082       SH: 20    Dex: 14      Spells: 7/73 levels left

rFire   . . .      SeeInvis +   K - +8 demon trident "Rift" {distort, reach+, Elem, Comp} (curse)
rCold   + + +      Faith    .   M - +5 kite shield "Chained Activism" {AC+3, Comp, Bglg} (curse)
rNeg    + + +      Spirit   .   o - +5 ring mail of Ashenzari's Ordeal {Will+, Bglg, Comp} (curse)
rPois   ∞          Reflect  .   y - +2 helmet "Prescient Loss" {Int+3, Bglg, Comp} (curse)
rElec   +          Harm     .   u - +4 dragonskin cloak {Self, Alch} (curse)
rCorr   .          Rampage  .   C - +2 pair of gloves "Thunder Perfect Mind" {Elem, Alch} (curse)
Will    ++++.      Clarity  +   a - +2 pair of boots "Circumscribed Together" {Bglg, Evo} (curse)
Stlth   +++.......              H - amulet of the Ruined Firmament {Regen+, Alch, Comp} (curse)
HPRegen 1.31/turn               t - ring of the Visionary Ether {Contam rPois AC+4 Str+4 Int+4, Self, Comp} (curse)
MPRegen 0.29/turn               S - ring "Lashed Scepticism" {rElec rPois rC+++ Dex-4, Comp, Melee} (curse)

@: lich-form, studying 5 skills
A: draining attack, torment immunity, no potions, fangs 1, strong nose,
distributed training, talons 1, agile 1, low MP 1, electricity resistance,
MP-powered wands
0: Orb of Zot
}: 4/15 runes: decaying, slimy, silver, gossamer
a: End Transformation, Renounce Religion, Shatter the Chains


You escaped.
You worshipped Ashenzari.
Ashenzari was exalted by your worship.
You were an undead lich.
You visited 12 branches of the dungeon, and saw 56 of its levels.
You visited 1 bazaar.
You also visited: Ice Cave.

You collected 10366 gold pieces.
You spent 6284 gold pieces at shops.

Inventory:

Hand Weapons
 K - the cursed +8 demon trident "Rift" (weapon) {distort, reach+, Elem, Comp}
   (You found it on level 5 of the Pits of Slime)

   It warps and distorts space around it, and may blink, banish, or inflict
   extra damage upon those it strikes.
   Unwielding it can cause banishment or high damage.
   It can reach especially far, and its reaching attacks ignore other creatures
   in the way.
   It has a curse which improves the following skills: Elements: Fire Magic, Ice
   Magic, Air Magic and Earth Magic.
   Companions: Summonings and Necromancy.
Missiles
 B - 3 throwing nets
 D - 20 javelins
 E - 5 curare-tipped darts
 Z - 9 datura-tipped darts
Armour
 a - the cursed +2 pair of boots "Circumscribed Together" (worn) {Bglg, Evo}
   (You bought it in a shop in a bazaar)

   It has a curse which improves the following skills: Beguiling: Conjurations,
   Hexes and Translocations.
   Evocations: Evocations.
 e - the +1 pair of gloves of the Shrike {Int+2}
   (You found it on level 5 of the Pits of Slime)

   Int:       It affects your intelligence (+2).
 o - the cursed +5 ring mail of Ashenzari's Ordeal (worn) {Will+, Bglg, Comp}
   (You bought it in a shop on level 1 of the Orcish Mines)

   It has a curse which improves the following skills: Beguiling: Conjurations,
   Hexes and Translocations.
   Companions: Summonings and Necromancy.
 u - the cursed +4 dragonskin cloak (worn) {Self, Alch}
   (You took it off Tiamat on level 3 of the Realm of Zot)

   It grants the wearer a chance to resist fire, cold, poison, electricity,
   acid, and negative energy.
   It has a curse which improves the following skills: Introspection: Fighting
   and Spellcasting.
   Alchemy:   Poison Magic and Transmutations.
 y - the cursed +2 helmet "Prescient Loss" (worn) {Int+3, Bglg, Comp}
   (You found it on level 3 of the Elven Halls)

   It has a curse which improves the following skills: Beguiling: Conjurations,
   Hexes and Translocations.
   Companions: Summonings and Necromancy.
 C - the cursed +2 pair of gloves "Thunder Perfect Mind" (worn) {Elem, Alch}
   (You found it on level 4 of the Swamp)

   It has a curse which improves the following skills: Elements: Fire Magic, Ice
   Magic, Air Magic and Earth Magic.
   Alchemy:   Poison Magic and Transmutations.
 M - the cursed +5 kite shield "Chained Activism" (worn) {AC+3, Comp, Bglg}
   (You took it off a vault guard on level 5 of the Vaults)

   It has a curse which improves the following skills: Companions: Summonings
   and Necromancy.
   Beguiling: Conjurations, Hexes and Translocations.
Jewellery
 t - the cursed ring of the Visionary Ether (left hand) {Contam rPois AC+4 Str+4 Int+4, Self, Comp}
   (You acquired it on level 10 of the Dungeon)

   [ring of protection]

   AC:        It affects your AC (+4).
   Str:       It affects your strength (+4).
   Int:       It affects your intelligence (+4).
   rPois:     It protects you from poison.
   Contam:    It causes magical contamination when unequipped.
   It has a curse which improves the following skills: Introspection: Fighting
   and Spellcasting.
   Companions: Summonings and Necromancy.
 H - the cursed amulet of the Ruined Firmament (around neck) {Regen+, Alch, Comp}
   (You found it on level 6 of the Dungeon)

   [amulet of regeneration]

   Regen:     It increases your rate of health regeneration.
   It has a curse which improves the following skills: Alchemy: Poison Magic and
   Transmutations.
   Companions: Summonings and Necromancy.
 S - the cursed ring "Lashed Scepticism" (right hand) {rElec rPois rC+++ Dex-4, Comp, Melee}
   (You found it on level 5 of the Vaults)

   [ring of poison resistance]

   Dex:       It affects your dexterity (-4).
   rC:        It renders you almost immune to cold.
   rElec:     It insulates you from electricity.
   rPois:     It protects you from poison.
   It has a curse which improves the following skills: Companions: Summonings
   and Necromancy.
   Melee Combat: Short Blades, Long Blades, Axes, Maces & Flails, Polearms,
   Staves and Unarmed Combat.
Wands
 p - a wand of light (18)
 x - a wand of iceblast (71)
 z - a wand of charming (76)
 V - a wand of digging (9)
 X - a wand of flame (51)
 Y - a wand of mindburst (29)
Scrolls
 b - 2 scrolls of immolation
 j - 26 scrolls of teleportation
 q - 11 scrolls of fear
 v - 3 scrolls of summoning
 A - 12 scrolls of vulnerability
 J - 6 scrolls of poison
 P - 9 scrolls of blinking
 Q - a scroll of torment
 T - 4 scrolls of magic mapping
 W - 9 scrolls of butterflies
Potions
 c - 7 potions of mutation
 d - 2 potions of resistance
 h - 19 potions of attraction
 i - 27 potions of curing
 k - 3 potions of haste
 m - 13 potions of brilliance
 n - 14 potions of lignification
 r - 12 potions of flight
 w - 2 potions of ambrosia
 F - 3 potions of magic
 G - 6 potions of invisibility
 L - 13 potions of might
 R - 3 potions of cancellation
 U - 3 potions of heal wounds
Miscellaneous
 f - a lightning rod (4/4)
 g - a box of beasts
 s - a phantom mirror
 I - a phial of floods
 N - a tin of tremorstones (2/2)
 O - a condenser vane


   Skills:
 + Level 22.9(26.4) Fighting
 + Level 19.6(22.0) Short Blades
 + Level 19.6(22.0) Long Blades
 + Level 19.6(22.0) Axes
 + Level 21.1(23.4) Maces & Flails
 + Level 19.6(22.0) Polearms
 + Level 19.6(22.0) Staves
 + Level 19.6 Ranged Weapons
 + Level 19.6 Throwing
 + Level 19.6 Armour
 + Level 21.8 Dodging
 + Level 20.0 Stealth
 + Level 19.6 Shields
 + Level 23.3(25.5) Unarmed Combat
 + Level 20.1(23.7) Spellcasting
 + Level 16.7(22.8) Conjurations
 + Level 16.7(22.8) Hexes
 + Level 18.0(26.9) Summonings
 + Level 16.7(25.7) Necromancy
 + Level 16.7(22.8) Translocations
 + Level 16.7(21.7) Transmutations
 + Level 16.7(20.5) Fire Magic
 + Level 21.5(25.0) Ice Magic
 + Level 16.7(20.5) Air Magic
 + Level 16.7(20.5) Earth Magic
 + Level 16.7(21.7) Poison Magic
 + Level 21.2 Invocations
 + Level 19.6(22.0) Evocations


You had 7 spell levels left.
You knew the following spells:

 Your Spells              Type           Power      Damage    Failure   Level
a - Summon Cactus Giant   Summ           56%        N/A       0%          6
b - Summon Mana Viper     Hex/Summ       100%       N/A       0%          5
c - Haunt                 Necr/Summ      68%        N/A       1%          7
d - Summon Horrible Thin  Summ           56%        N/A       1%          8
e - Summon Forest         Summ/Tloc      54%        N/A       0%          5
f - Malign Gateway        Summ/Tloc      54%        N/A       1%          7
g - Passage of Golubria   Tloc           100%       N/A       0%          4
h - Yara's Violent Unrav  Hex/Tmut       52%        3d20      0%          5
i - Blink                 Tloc           100%       N/A       0%          2
z - Dragon's Call         Summ           56%        N/A       3%          9
M - Necromutation         Tmut/Necr      65%        N/A       1%          8

Your spell library contained the following spells:

 Spells                   Type           Power      Damage    Failure   Level
 Magic Dart               Conj           100%       1d8       0%          1
 Necrotise                Necr           100%       1d9       0%          1
 Sandblast                Erth           100%       2d20      0%          1
 Shock                    Conj/Air       100%       1d9       0%          1
 Slow                     Hex            100%       N/A       0%          1
 Sting                    Tmut/Pois      100%       1d8       0%          1
 Summon Small Mammal      Summ           100%       N/A       0%          1
 Call Imp                 Summ           100%       N/A       0%          2
 Ensorcelled Hibernation  Hex/Ice        100%       N/A       0%          2
 Passwall                 Tmut/Erth      85%        N/A       0%          2
 Poisonous Vapours        Pois/Air       100%       N/A       0%          2
 Scorch                   Fire           100%       2d10      0%          2
 Searing Ray              Conj           100%       2d8       0%          2
 Static Discharge         Conj/Air       100%       3-16/arc  0%          2
 Sublimation of Blood     Necr           100%       N/A       0%          2
 Wereblood                Tmut           100%       N/A       0%          2
 Call Canine Familiar     Summ           100%       N/A       0%          3
 Confusing Touch          Hex            100%       N/A       0%          3
 Conjure Flame            Conj/Fire      100%       6-21      0%          3
 Dazzling Flash           Conj/Hex       100%       N/A       0%          3
 Frozen Ramparts          Ice            100%       1d16      0%          3
 Gell's Gravitas          Tloc           100%       N/A       0%          3
 Ignite Poison            Fire/Tmut/Pois 100%       N/A       0%          3
 Lesser Beckoning         Tloc           100%       N/A       0%          3
 Mephitic Cloud           Conj/Pois/Air  100%       N/A       0%          3
 Ozocubu's Armour         Ice            100%       N/A       0%          3
 Portal Projectile        Hex/Tloc       100%       N/A       0%          3
 Spider Form              Tmut/Pois      100%       N/A       0%          3
 Stone Arrow              Conj/Erth      100%       3d13      0%          3
 Summon Guardian Golem    Hex/Summ       100%       N/A       0%          3
 Swiftness                Air            100%       N/A       0%          3
 Teleport Other           Tloc           100%       N/A       0%          3
 Tukima's Dance           Hex            100%       N/A       0%          3
 Vampiric Draining        Necr           100%       2d13      0%          3
 Airstrike                Air            50%        2d(8-24)  0%          4
 Anguish                  Hex/Necr       66%        N/A       0%          4
 Animate Armour           Summ/Erth      100%       N/A       0%          4
 Animate Dead             Necr           100%       N/A       0%          4
 Cause Fear               Hex            52%        N/A       0%          4
 Corpse Rot               Necr/Pois/Air  100%       N/A       0%          4
 Dispel Undead            Necr           100%       3d31      0%          4
 Fulminant Prism          Conj/Hex       52%        3d23      0%          4
 Ice Form                 Ice/Tmut       100%       N/A       0%          4
 Iskenderun's Mystic Bla  Conj/Tloc      100%       2d19      0%          4
 Leda's Liquefaction      Hex/Erth       51%        N/A       0%          4
 Olgreb's Toxic Radiance  Pois           100%       N/A       0%          4
 Petrify                  Tmut/Erth      100%       N/A       0%          4
 Sticky Flame             Conj/Fire      100%       2d11      0%          4
 Summon Ice Beast         Ice/Summ       100%       N/A       0%          4
 Summon Lightning Spire   Summ/Air       100%       N/A       0%          4
 Agony                    Necr           100%       N/A       0%          5
 Alistair's Intoxication  Tmut/Pois      68%        N/A       0%          5
 Blade Hands              Tmut           51%        N/A       0%          5
 Borgnjor's Vile Clutch   Necr/Erth      64%        N/A       0%          5
 Fireball                 Conj/Fire      51%        3d20      0%          5
 Irradiate                Conj/Tmut      52%        3d29      0%          5
 Iskenderun's Battlesphe  Conj           100%       2d15      0%          5
 Lee's Rapid Deconstruct  Erth           50%        3d25*     0%          5
 Lightning Bolt           Conj/Air       51%        1d72      0%          5
 Manifold Assault         Tloc           100%       N/A       0%          5
 Metabolic Englaciation   Hex/Ice        53%        N/A       0%          5
 Silence                  Hex/Air        51%        N/A       0%          5
 Death Channel            Necr           67%        N/A       0%          6
 Conjure Ball Lightning   Conj/Air       51%        3x3d18    1%          6
 Eringya's Noxious Bog    Tmut/Pois      51%        N/A       1%          6
 Iron Shot                Conj/Erth      51%        9d10      1%          6
 Starburst                Conj/Fire      51%        6d14      1%          6
 Statue Form              Tmut/Erth      68%        N/A       1%          6
 Dragon Form              Tmut           51%        N/A       1%          7
 Enfeeble                 Hex            52%        N/A       1%          7
 Orb of Destruction       Conj           52%        9d13      1%          7
 Ozocubu's Refrigeration  Ice            55%        4d19      1%          7
 Spellforged Servitor     Conj/Summ      54%        N/A       1%          7
 Storm Form               Tmut/Air       51%        N/A       1%          7
 Summon Hydra             Summ           56%        N/A       1%          7
 Borgnjor's Revivificati  Necr           67%        N/A       1%          8
 Infestation              Necr           67%        N/A       1%          8
 Lehudib's Crystal Spear  Conj/Erth      51%        10d12     1%          8
 Ignition                 Fire           50%        3d14      2%          8
 Maxwell's Capacitive Co  Air            50%        ∞         2%          8
 Death's Door             Necr           67%        N/A       5%          9


Dungeon Overview and Level Annotations

Branches:
Dungeon (15/15)            Temple (1/1) D:4            Lair (5/5) D:9
  Swamp (4/4) Lair:3       Spider (4/4) Lair:2        Slime (5/5) Lair:5
    Orc (2/2) D:11            Elf (3/3) Orc:2        Vaults (5/5) D:14
  Crypt (3/3) Vaults:2       Tomb (0/3) Crypt:3      Depths (4/4) D:15
    Zot (5/5) Depths:4      IceCv (visited)

Altars:
Ashenzari
Cheibriados
Dithmenos
Elyvilon
Fedhas
Gozag
Hepliaklqana
Kikubaaqudgha
Makhleb
Nemelex Xobeh
Okawaru
Qazlal
Ru
Sif Muna
Trog
Uskayaw
Vehumet
Wu Jian
Xom
Yredelemnul
Zin
The Shining One
Jiyva

Shops:
D:1 =   D:9 (   D:10 ?:*:   D:15 *   Orc:1 (((*   Orc:2 [:?:!   Elf:1 ([[(*
Elf:3 ?

Portals:
Hell: Depths:1 Depths:2 Depths:3 Depths:4
Abyss: Depths:3
Pandemonium: Depths:1 Depths:2 Depths:3
Ziggurat: Depths:3

Annotations:
D:13 exclusion: 2 downstairs
Lair:1 2 transporters, Jecraria's ghost, journeyman HuIE
Lair:2 2 transporters, anet's ghost, novice GnWn
Slime:2 exclusion: downstairs
Orc:2 1 runed translucent door
Elf:2 3 runed translucent doors
Elf:3 1 exclusion
Vaults:1 exclusion: downstairs
Vaults:2 exclusion: downstairs
Crypt:1 2 runed translucent doors, Muhathrim's ghost, veteran MiBe
Crypt:2 3 runed translucent doors, Dihet's ghost, veteran MiBe
Zot:2 exclusion: downstairs
Abyss:1 Sojobo


Innate Abilities, Weirdness & Mutations

You are an undead lich.
Your unarmed attacks are suffused with negative energy.
You are immune to unholy pain and torment.
Your necromantic spells are more powerful.
You cannot drink.
You are immune to poison.
You have very sharp teeth.
Your uncanny sense of smell can sniff out nearby items.
Your experience applies equally to all skills.
You have sharp toenails.
You are agile. (Dex +4, Str/Int -1)
Your magical capacity is low. (-10% MP)
You are resistant to electric shocks. (rElec)
You expend magic power (3 MP) to strengthen your wands.


Message History

(D) Dungeon (T) Temple (L) Lair (S) Swamp (N) Spider Nest (M) Slime Pits (O) Orcish Mines (E) Elven Halls (V) Vaults (C) Crypt (W) Tomb (U) Depths (H) Hell (Z) Zot
Where to? (Enter - D:1, ? - help)
What level of the Dungeon? (default 1, ? - help)
There is a stone staircase leading up here.
You climb upwards.
There is a stone staircase leading down here.
Magic restored.
Things that are here:
an amulet of guardian spirit; a +0 dagger Your transformation is almost over.
You feel yourself come back to life.
You see here a +0 dagger.
There is a stone staircase leading up here.
You climb upwards.
There is a stone staircase leading down here.
A ynoxinul comes into view.
Casting: Haunt (safe; 1% risk of failure)
Confirm with . or Enter, or press ? or * to list all spells.
Your body is suffused with negative energy!
You block the ynoxinul's attack.
You closely miss the ynoxinul. Your bite misses the ynoxinul.
You hit the ynoxinul.
Space warps around the ynoxinul.
Your bite misses the ynoxinul.
The ynoxinul is moderately wounded.
You block the ynoxinul's attack.
You puncture the ynoxinul! Your bite misses the ynoxinul.
The ynoxinul is severely wounded.
The ynoxinul hits you but does no damage.
You puncture the ynoxinul!
You kill the ynoxinul!
There is a stone staircase leading up here.
You climb upwards.
There is a stone staircase leading down here.
There are no items here.
Unknown command.
There is a staircase leading out of the dungeon here.
You have escaped!

.####.#.#...#.....#.#.#
......#.#......#'##.#.###
...##.#........#..#.#.#.#########
........#.#.#..#.##.#.#..........
...##.#.#.#....>....#.###########
#.......#.###.#.#.#.#............
#.#.....#.##.#.#.#.#############.
..#.....#.###.#.#.#.## #.
...####.#.##.#.#L#.### #.
...####+#...#.#.#.#.## #.
...#........+#.#.#.### #.
.###........#.#.#.#..# #.
.###......##.#.#.#.#.# #.
.#.'......#####......# #.
.#.#.................# #.
.#.#.................# #.
.#.######^......#....# #.


There were no monsters in sight!

Vanquished Creatures
  the Royal Jelly (Slime:5)
  An orb of fire (Zot:5)
  2 ancient liches
  A curse toe (Zot:2)
  6 tentacled monstrosities
  2 electric golems
  A Brimstone Fiend (Depths:1)
  2 liches
  5 Orb Guardians (Zot:5)
  2 quicksilver dragons
  A titan (Vaults:5)
  11 acid blobs (Slime:5)
  4 death cobs
  2 revenants
  2 draconian monks
  5 tengu reavers
  4 storm dragons
  12 azure jellies
  A shadow dragon (Vaults:5)
  2 fire giants
  8 rockslimes
  A frost giant (Depths:3)
  5 vault wardens
  A draconian scorcher (Zot:4)
  2 deep elf sorcerers (Elf:3)
  A deep elf elementalist (Elf:3)
  3 draconian shifters
  2 spectral caustic shrikes (Depths:3)
  An emperor scorpion (Spider:4)
  5 ghost moths
  Aizul (Swamp:1)
  A spriggan defender (Depths:4)
  4 ghouls
  6 ironbound preservers
  3 ironbound thunderhulks
  A reaper (Crypt:2)
  A draconian stormcaller (Zot:4)
  9 quicksilver oozes
  2 stone giants
  7 black draconians
  3 very ugly things
  7 war gargoyles
  3 deep elf demonologists
  2 deep elf annihilators (Elf:3)
  2 vampire knights
  3 entropy weavers
  3 white draconians
  6 dire elephants
  3 green draconians
  2 yellow draconians
  2 spark wasps
  2 crystal guardians
  4 red draconians
  2 deep elf death magi
  3 ettins (Vaults:5)
  2 eidola
  2 jiangshi (Crypt:3)
  3 fire dragons
  4 great orbs of eyes
  5 yaktaur captains
  A spriggan air mage (Depths:2)
  A peacekeeper (Vaults:3)
  4 hydras
  A centaur warrior (D:15)
  5 vault guards
  2 catoblepae (Lair:5)
  5 dancing weapons
  3 ironbound frosthearts
  9 death yaks
  An alligator (Swamp:2)
  3 deep troll earth magi
  A soul eater (Depths:1)
  A deep elf knight (Elf:2)
  2 sixfirhies
  A pharaoh ant (Spider:2)
  A spriggan druid (Swamp:1)
  2 flayed ghosts (Crypt:3)
  A steelbarb worm (Spider:1)
  2 bunyip zombies (Crypt:3)
  A bog body (Swamp:2)
  19 deep trolls
  4 orc knights
  4 harpies
  An ironbound convoker (Vaults:5)
  A wizard (Vaults:1)
  8 phantasmal warriors
  A swamp dragon (Swamp:4)
  5 deep elf archers
  7 lindwurms
  4 deep elf pyromancers
  4 deep elf zephyrmancers
  A necromancer (Vaults:1)
  5 ugly things
  4 wolf spiders
  16 moths of wrath
  2 manticores
  6 fire giant skeletons (Crypt:3)
  9 vault sentinels
  A water nymph (shapeshifter) (Vaults:5)
  A torpor snail (Spider:2)
  3 gargoyles (Crypt:3)
  A human zombie (Vaults:1)
  17 yaktaurs
  A cane toad (Lair:4)
  5 demonic crawlers
  A rime drake (Lair:2)
  3 tengu conjurers
  A redback zombie (Crypt:1)
  A yaktaur zombie (Vaults:1)
  A kobold demonologist (D:12)
  A naga skeleton (Crypt:3)
  2 freezing wraiths
  A hellwing (Zot:5)
  2 meliai (Spider:4)
  2 polar bears (IceCv)
  24 slime creatures
  3 trolls
  2 hornets
  6 blink frogs (Lair:4)
  A tyrant leech (Swamp:3)
  6 tarantellas
  A frost giant simulacrum (Depths:1)
  An air elemental (Elf:2)
  12 jumping spiders
  A vampire (D:14)
  3 shadows (Crypt:3)
  2 water elementals
  An ettin skeleton (Vaults:1)
  9 culicivoras
  3 wraiths (Crypt:3)
  4 wyverns
  A ynoxinul (D:2)
  4 fire dragon skeletons (Crypt:3)
  26 yaks
  6 humans (D:14)
  A hog (Spider:3)
  15 redbacks
  2 vampire mosquitoes
  A swamp worm (Swamp:2)
  A black bear (D:8)
  4 water moccasins
  A hornet zombie (Crypt:2)
  An ice beast (D:8)
  A sky beast (D:7)
  4 orc warriors
  A water nymph skeleton (Crypt:1)
  7 boggarts
  7 wolves
  A centaur (D:8)
  A kobold brigand (D:12)
  4 bullfrogs
  2 earth elementals (Elf:1)
  A gnoll sergeant (Orc:2)
  2 scorpions
  2 wights
  A spriggan zombie (Crypt:2)
  5 killer bees
  4 howler monkeys
  2 crimson imps (D:13)
  A human simulacrum (Vaults:1)
  2 orc priests
  A hound (D:6)
  An iguana (D:4)
  3 orc wizards
  A tengu zombie (Crypt:1)
  7 nameless horrors
  An adder (D:5)
  2 gnolls (D:4)
  An iguana zombie (Crypt:1)
  3 dart slugs
  12 orcs
  2 ball pythons
  3 bats (D:1)
  3 endoplasms
  6 goblins
  3 hobgoblins
  3 frilled lizards
  3 kobolds
  2 rats (D:1)
633 creatures vanquished.

Vanquished Creatures (collateral kills)
  Tiamat (Zot:3)
  3 dread liches
  An ancient lich (Vaults:5)
  6 orbs of fire
  3 juggernauts
  Josephina (Depths:3)
  Boris (Vaults:2)
  3 Killer Klowns
  2 curse toes (Zot:1)
  13 golden dragons
  Jory (Vaults:2)
  A bone dragon (Depths:4)
  Nikola (Swamp:1)
  2 electric golems
  8 tentacled monstrosities
  A Hell Sentinel (Zot:1)
  Jorgrun (D:13)
  Asterion (Elf:1)
  Rupert (D:14)
  4 liches
  17 Orb Guardians (Zot:5)
  A titan (Vaults:5)
  5 quicksilver dragons
  A deep elf blademaster (Elf:3)
  7 acid blobs
  2 deep elf master archers (Elf:3)
  6 sphinxes
  5 death cobs
  4 ancient champions
  Frances (Spider:1)
  2 eldritch tentacles
  Kirke (Spider:3)
  10 shadow dragons
  Roxanne (D:15)
  9 storm dragons
  3 thorn hunters (Swamp:3)
  7 tengu reavers
  3 rockslimes
  Donald (Swamp:1)
  4 draconian monks
  3 fire giants
  A fenstrider witch (Swamp:2)
  A revenant (Crypt:3)
  7 draconian knights
  7 azure jellies
  6 emperor scorpions
  4 deep elf sorcerers (Elf:3)
  8 draconian scorchers
  11 vault wardens
  2 frost giants
  7 draconian shifters
  2 curse skulls
  5 ghost moths
  3 orc warlords
  2 balrugs (Depths:1)
  6 ghouls
  2 spectral caustic shrikes (Depths:3)
  A caustic shrike zombie (Crypt:3)
  7 draconian stormcallers
  4 deep elf elementalists (Elf:3)
  14 very ugly things
  A caustic shrike skeleton (Crypt:2)
  7 quicksilver oozes
  14 ironbound preservers
  4 war gargoyles
  3 draconian annihilators
  A reaper (Depths:1)
  2 broodmothers
  3 ironbound thunderhulks
  2 spriggan defenders
  14 stone giants
  5 vampire knights
  9 green draconians
  11 red draconians
  4 deep elf demonologists
  12 purple draconians
  14 yellow draconians
  8 dire elephants
  8 deep elf annihilators
  3 eleionomae
  3 bunyips
  3 entropy weavers
  7 spark wasps
  6 white draconians
  13 black draconians
  3 deep elf death magi
  14 fire dragons
  13 ettins
  7 deep elf high priests
  4 shambling mangroves
  7 yaktaur captains
  2 quicksilver dragon skeletons
  A spriggan zombie (Crypt:3)
  24 vault guards
  3 great orbs of eyes
  3 boulder beetles
  9 ice dragons
  2 rakshasas (Depths:2)
  A ghost crab (Swamp:1)
  4 peacekeepers
  21 hydras
  A hydra (shapeshifter) (Vaults:5)
  5 catoblepae
  A jorogumo (Spider:4)
  A juggernaut simulacrum (Depths:3)
  Erica (D:8)
  5 spriggan air magi
  4 radroaches
  2 death knights
  4 ironbound frosthearts
  17 death yaks
  9 centaur warriors
  5 dancing weapons
  2 two-headed ogres
  9 tengu warriors
  2 deep troll shamans
  3 orc high priests (Orc:2)
  11 alligators
  A spriggan berserker (Depths:4)
  4 deep troll earth magi
  2 hell hogs
  Urug (Lair:1)
  3 vampire magi
  14 deep elf knights
  4 sun demons
  2 hell knights
  3 soul eaters (Depths:1)
  2 iron trolls
  3 shadow wraiths
  4 skeletal warriors
  3 goliath frogs
  A death drake (Zot:4)
  5 steelbarb worms
  11 swamp dragons
  2 pharaoh ants
  12 flayed ghosts
  7 spriggan druids
  6 glowing orange brains
  10 orb spiders
  An anaconda zombie (Crypt:3)
  An orb spider (shapeshifter) (Depths:3)
  28 deep trolls
  A lindwurm (shapeshifter) (Vaults:3)
  6 bog bodies
  10 orc knights
  11 deep elf archers
  3 lindwurms
  6 wizards
  11 phantasmal warriors
  A necromancer (Depths:1)
  8 harpies
  16 ironbound convokers
  16 wolf spiders
  18 deep elf pyromancers
  20 ugly things
  7 manticores
  17 deep elf zephyrmancers
  A shining eye (shapeshifter) (Depths:2)
  3 orc sorcerers (Orc:2)
  3 oklob plants (Lair:2)
  A salamander (Depths:4)
  A moth of wrath (shapeshifter) (Depths:3)
  4 shining eyes
  2 will-o-the-wisps
  7 cyclopes
  19 vault sentinels
  5 elephants (Lair:2)
  14 moths of wrath
  4 black mambas
  6 cane toads
  2 gargoyles
  2 smoke demons
  An ice statue (IceCv)
  A storm dragon simulacrum (Depths:3)
  A hellion (Depths:4)
  Psyche (D:8)
  3 torpor snails
  4 demonic crawlers
  Maggie (D:8)
  4 komodo dragons
  A kobold demonologist (D:12)
  6 tengu conjurers
  A rime drake (IceCv)
  2 naga skeletons (Crypt:3)
  A hellwing (D:6)
  A rime drake (shapeshifter) (D:13)
  21 yaktaurs
  3 freezing wraiths
  A harpy zombie (Crypt:3)
  A grey draconian skeleton (Crypt:2)
  A troll (Orc:1)
  2 meliai (Spider:4)
  4 tyrant leeches
  A purple draconian skeleton (Crypt:2)
  18 hornets
  72 slime creatures
  6 polar bears
  4 blink frogs (Lair:4)
  2 tengu simulacra (Depths:3)
  A tarantella (shapeshifter) (Slime:5)
  14 tarantellas
  A snapping turtle (shapeshifter) (Elf:3)
  An iron dragon simulacrum (Depths:3)
  12 culicivoras
  19 jumping spiders
  3 fire dragon skeletons (Crypt:3)
  3 vampires
  An ettin skeleton (Depths:1)
  2 shadows
  2 air elementals (Elf:3)
  3 wraiths
  8 spriggans
  2 water elementals
  Sigmund (D:4)
  33 yaks
  7 wyverns
  10 humans (D:14)
  Grum (D:7)
  A fire bat (shapeshifter) (D:15)
  A fire elemental (Elf:1)
  A human (shapeshifter) (Vaults:5)
  2 basilisks
  3 hogs (Spider:3)
  A steam dragon (Lair:3)
  A neqoxec (D:6)
  A merfolk zombie (Crypt:2)
  43 redbacks
  16 swamp worms
  6 vampire mosquitoes
  A tengu zombie (Depths:1)
  An acid dragon (D:14)
  2 wargs
  A demonspawn skeleton (Crypt:1)
  A floating eye (shapeshifter) (Depths:3)
  5 water moccasins
  2 floating eyes
  9 swamp drakes
  2 black bears
  3 ice beasts
  16 orc warriors
  8 ogres
  A boggart (Vaults:3)
  24 wolves
  15 centaurs
  5 kobold brigands
  3 nameless horrors
  A draconian zombie (Crypt:2)
  2 gnoll sergeants
  4 necrophages
  11 bullfrogs
  An earth elemental (Elf:3)
  4 scorpions
  22 wights
  15 killer bees
  4 howler monkeys
  2 crimson imps (D:13)
  A lava snake (Lair:1)
  A gnoll bouda (D:11)
  12 orc priests
  2 hounds (D:4)
  2 jellies
  2 iguanas
  22 orc wizards
  Ijyb (D:4)
  Robin (D:4)
  14 gnolls
  2 adders
  A steam dragon zombie (Crypt:1)
  A white imp (D:6)
  A worm (D:4)
  69 orcs
  3 ball pythons
  4 endoplasms
  2 giant cockroaches (D:1)
  8 hobgoblins
  24 kobolds
  5 quokkas
  3 bats
  16 goblins
  5 rats
  5 briar patches (Swamp:3)
  4 bushes
1700 creatures vanquished.

Vanquished Creatures (others)
  116 eldritch tentacles
  2 black draconians
  A yellow draconian (Zot:1)
  Harold (D:11)
  Erolcha (D:10)
  A deep elf knight (Elf:2)
  An orb spider (Spider:1)
  A deep elf zephyrmancer (Elf:3)
  A moth of wrath (Zot:1)
  A komodo dragon (D:9)
  A bloated husk (Swamp:3)
  A hornet (D:8)
  An air elemental (Elf:3)
  5 yaks
  A fire elemental (Elf:1)
  A human (Spider:3)
  3 vampire mosquitoes (Swamp:1)
  2 swamp worms
  An orc warrior (D:7)
  An ice beast (D:4)
  An ogre (D:7)
  A centaur (D:11)
  A wight (D:8)
  4 killer bees
  2 orc priests (Orc:2)
  An orc wizard (Orc:2)
  A white imp (D:5)
  2 orcs
  A briar patch (Swamp:3)
  2 foxfires (Swamp:2)
  37 fungi
  80 plants
  26 snaplasher vines
  37 withered plants (Crypt:3)
339 creatures vanquished.

Grand Total: 2672 creatures vanquished

Notes
Turn   | Place    | Note
-------+----------+-------------------------------------------
     0 | D:1      | lurch the Gnoll Summoner began the quest for the Orb.
     0 | D:1      | Reached XP level 1. HP: 13/13 MP: 6/6
   157 | D:1      | Reached XP level 2. HP: 19/19 MP: 4/7
   160 | D:1      | Learned a level 2 spell: Call Imp
   335 | D:1      | Found Loafi's Jewellery Boutique.
   700 | D:1      | You fall into a shaft and drop 1 floor!
   806 | D:2      | Reached skill level 5 in Spellcasting
   806 | D:2      | Reached XP level 3. HP: 25/25 MP: 6/9
   810 | D:2      | Learned a level 3 spell: Call Canine Familiar
   851 | D:2      | Reached skill level 1 in Invocations
  1411 | D:1      | Reached skill level 1 in Fighting
  1411 | D:1      | Reached skill level 1 in Short Blades
  1411 | D:1      | Reached skill level 1 in Long Blades
  1411 | D:1      | Reached skill level 1 in Axes
  1411 | D:1      | Reached skill level 1 in Maces & Flails
  1411 | D:1      | Reached skill level 1 in Polearms
  1411 | D:1      | Reached skill level 1 in Staves
  1411 | D:1      | Reached skill level 1 in Ranged Weapons
  1411 | D:1      | Reached skill level 1 in Throwing
  1411 | D:1      | Reached skill level 1 in Armour
  1411 | D:1      | Reached skill level 1 in Shields
  1411 | D:1      | Reached skill level 1 in Unarmed Combat
  1411 | D:1      | Reached skill level 1 in Evocations
  1921 | D:1      | Found a faded altar of an unknown god.
  2468 | D:2      | Reached XP level 4. HP: 29/32 MP: 8/11
  2899 | D:2      | Learned a level 4 spell: Summon Lightning Spire
  2903 | D:2      | Learned a level 3 spell: Summon Guardian Golem
  3231 | D:3      | Reached skill level 1 in Conjurations
  3231 | D:3      | Reached skill level 1 in Hexes
  3231 | D:3      | Reached skill level 1 in Necromancy
  3231 | D:3      | Reached skill level 1 in Translocations
  3231 | D:3      | Reached skill level 1 in Transmutations
  3231 | D:3      | Reached skill level 1 in Fire Magic
  3231 | D:3      | Reached skill level 1 in Ice Magic
  3231 | D:3      | Reached skill level 1 in Air Magic
  3231 | D:3      | Reached skill level 1 in Earth Magic
  3231 | D:3      | Reached skill level 1 in Poison Magic
  3904 | D:4      | Noticed Sigmund
  3950 | D:4      | Noticed a black bear
  3958 | D:4      | Noticed a scorpion
  3961 | D:4      | Killed a black bear
  3962 | D:4      | Reached XP level 5. HP: 38/38 MP: 2/12
  3981 | D:4      | Reached skill level 5 in Dodging
  3981 | D:4      | Reached XP level 6. HP: 28/44 MP: 1/14
  4219 | D:4      | Reached skill level 2 in Unarmed Combat
  4390 | D:4      | Noticed an ice beast
  4436 | D:4      | Killed Sigmund
  4437 | D:4      | Reached XP level 7. HP: 42/51 MP: 4/15
  4666 | D:4      | Noticed Robin
  4675 | D:4      | Killed Robin
  4677 | D:4      | Reached skill level 5 in Stealth
  4772 | D:4      | Found a staircase to the Ecumenical Temple.
  4899 | D:4      | Noticed Ijyb
  4912 | D:4      | Killed Ijyb
  4921 | Temple   | Entered the Ecumenical Temple
  5225 | Temple   | Became a worshipper of Ashenzari the Shackled
  5558 | D:5      | Entered Level 5 of the Dungeon
  5826 | D:5      | Reached skill level 3 in Unarmed Combat
  5826 | D:5      | Reached XP level 8. HP: 58/58 MP: 11/16
  5864 | D:5      | Found a shadowy altar of Dithmenos.
  7395 | D:6      | Reached XP level 9. HP: 65/65 MP: 11/18
  8195 | D:7      | Found a hide-covered altar of Uskayaw.
  8206 | D:7      | Reached skill level 4 in Unarmed Combat
  8365 | D:6      | Reached * piety under Ashenzari
  8466 | D:7      | Reached skill level 5 in Invocations
  8989 | D:7      | Reached ** piety under Ashenzari
  8995 | D:7      | Found a sacrificial altar of Ru.
  9498 | D:8      | Noticed Grum
  9539 | D:7      | Identified the cursed +0 leather armour of the Unyielding
                  | Gaze {Melee, Range} (You found it on level 6 of the
                  | Dungeon)
  9539 | D:7      | Identified the cursed ring of the Cursed Soothsayer {Dex+6,
                  | Range, Alch} (You found it on level 4 of the Dungeon)
  9539 | D:7      | Identified the cursed ring "Tethered Vision" {Str+6, Elem,
                  | Comp} (You found it on level 4 of the Dungeon)
  9544 | D:7      | Killed Grum
  9730 | D:8      | Noticed Erica
  9738 | D:8      | Killed Erica
  9739 | D:8      | Reached skill level 5 in Fighting
  9739 | D:8      | Reached skill level 5 in Short Blades
  9739 | D:8      | Reached skill level 5 in Long Blades
  9739 | D:8      | Reached skill level 5 in Axes
  9739 | D:8      | Reached skill level 5 in Maces & Flails
  9739 | D:8      | Reached skill level 5 in Polearms
  9739 | D:8      | Reached skill level 5 in Staves
  9739 | D:8      | Reached skill level 5 in Ranged Weapons
  9739 | D:8      | Reached skill level 5 in Throwing
  9739 | D:8      | Reached skill level 5 in Armour
  9739 | D:8      | Reached skill level 5 in Shields
  9739 | D:8      | Reached skill level 5 in Unarmed Combat
  9739 | D:8      | Reached skill level 5 in Evocations
  9739 | D:8      | Reached XP level 10. HP: 74/74 MP: 13/20
 10193 | D:8      | Noticed Psyche
 10203 | D:8      | Killed Psyche
 10478 | D:8      | Noticed Maggie
 11186 | D:8      | Killed Maggie
 11706 | D:9      | Identified the +7 quarterstaff "Qogefoh" {vorpal, rPois rF-
                  | Int+8 Dex-5}
 11919 | D:9      | Found Jomerept's Weapon Emporium.
 12632 | D:9      | Paralysed by a hornet for 2 turns
 12884 | D:9      | Reached skill level 6 in Unarmed Combat
 12977 | D:9      | Reached skill level 5 in Conjurations
 12977 | D:9      | Reached skill level 5 in Hexes
 12977 | D:9      | Reached skill level 5 in Necromancy
 12977 | D:9      | Reached skill level 5 in Translocations
 12977 | D:9      | Reached skill level 5 in Transmutations
 12977 | D:9      | Reached skill level 5 in Fire Magic
 12977 | D:9      | Reached skill level 5 in Ice Magic
 12977 | D:9      | Reached skill level 5 in Air Magic
 12977 | D:9      | Reached skill level 5 in Earth Magic
 12977 | D:9      | Reached skill level 5 in Poison Magic
 12986 | D:9      | Reached XP level 11. HP: 81/81 MP: 7/22
 13509 | D:9      | Found a staircase to the Lair.
 13753 | D:10     | Entered Level 10 of the Dungeon
 13753 | D:10     | Found Wieplegg's Assorted Antiques.
 13914 | D:10     | Found Aluo's Book Shop.
 14167 | D:10     | Bought a potion of heal wounds for 165 gold pieces
 14167 | D:10     | Bought a sapphire quarterstaff for 297 gold pieces
 14167 | D:10     | Identified the +11 quarterstaff "Epiawkiset" {vorpal,
                  | Str+6} (You bought it in a shop on level 10 of the Dungeon)
 14167 | D:10     | Bought a scroll labelled AGEPOF MEKHLYTH for 33 gold pieces
 14167 | D:10     | Acquired the ring "Tantil" {Contam rPois AC+4 Str+4 Int+4}
 14189 | D:10     | Noticed a manticore
 14196 | D:10     | Killed a manticore
 14618 | D:10     | Found Vujakor's Magic Scroll Emporium.
 14754 | D:10     | Found Vaiphir's Book Emporium.
 14970 | D:10     | Noticed Erolcha
 14986 | D:10     | Killed Erolcha
 15093 | D:10     | Found an ancient bone altar of Kikubaaqudgha.
 15120 | D:10     | Found a radiant altar of Vehumet.
 15152 | D:10     | Found a shimmering blue altar of Sif Muna.
 15402 | D:11     | Found a staircase to the Orcish Mines.
 15781 | D:11     | Noticed Harold
 15799 | D:11     | Killed Harold
 15800 | D:11     | Reached skill level 7 in Unarmed Combat
 16142 | D:11     | Reached XP level 12. HP: 56/91 MP: 4/24
 16550 | Lair:1   | Entered Level 1 of the Lair of Beasts
 16592 | Lair:1   | Learned a level 5 spell: Summon Forest
 16865 | Lair:1   | Learned a level 5 spell: Summon Mana Viper
 16880 | Lair:1   | Noticed Jecraria's ghost (journeyman HuIE)
 16980 | Lair:1   | Found a bloodstained altar of Trog.
 16987 | Lair:1   | Found a transporter.
 16990 | Lair:1   | Found a transporter.
 17055 | Lair:1   | Reached *** piety under Ashenzari
 17063 | Lair:1   | Learned a level 6 spell: Summon Cactus Giant
 17192 | Lair:1   | Noticed a catoblepas
 17206 | Lair:1   | Killed a catoblepas
 17451 | Lair:1   | Noticed Urug
 17460 | Lair:1   | Killed Urug
 17846 | Lair:2   | Noticed a six-headed hydra
 17858 | Lair:2   | Reached **** piety under Ashenzari
 17930 | Lair:2   | Noticed anet's ghost (novice GnWn)
 17934 | Lair:2   | Found a transporter.
 18145 | Lair:2   | Found a transporter.
 18251 | Lair:2   | Paralysed by a floating eye for 2 turns
 18395 | Lair:2   | Reached ***** piety under Ashenzari
 18413 | Lair:2   | Learned a level 5 spell: Yara's Violent Unravelling
 18430 | Lair:2   | Found a hole to the Spider Nest.
 18877 | Lair:2   | Reached skill level 8 in Unarmed Combat
 19329 | Lair:3   | Reached XP level 13. HP: 103/104 MP: 13/28
 19678 | Lair:3   | Found a staircase to the Swamp.
 19840 | Lair:3   | Reached skill level 10 in Summonings
 20870 | Lair:4   | Reached skill level 10 in Spellcasting
 21538 | Lair:5   | Entered Level 5 of the Lair of Beasts
 21743 | Lair:5   | Reached skill level 10 in Dodging
 21876 | Lair:5   | Reached skill level 9 in Unarmed Combat
 22050 | Lair:5   | Reached skill level 10 in Stealth
 22307 | Lair:5   | Found a staircase to the Slime Pits.
 22308 | Lair:5   | Found a viscous altar of Jiyva.
 22387 | Lair:5   | Reached XP level 14. HP: 113/113 MP: 16/30
 22468 | Lair:5   | Reached skill level 10 in Invocations
 23592 | Orc:1    | Entered Level 1 of the Orcish Mines
 23592 | Orc:1    | Found Cuoreedgh's Weapon Emporium.
 23597 | Orc:1    | Noticed an orc warlord
 23620 | Orc:1    | Killed an orc warlord
 23815 | Orc:2    | Entered Level 2 of the Orcish Mines
 23984 | Orc:2    | Found a staircase to the Elven Halls.
 23987 | Orc:1    | Found Gadicah's Assorted Antiques.
 24227 | Orc:1    | Bought a potion of heal wounds for 115 gold pieces
 24227 | Orc:1    | Bought a glowing ring mail for 161 gold pieces
 24716 | Orc:1    | Found Loco's Antique Weapon Boutique.
 24725 | Orc:1    | Bought a slimy flail for 280 gold pieces
 24725 | Orc:1    | Identified the +12 flail of the Blushing Gods {flame,
                  | Str+7} (You bought it in a shop on level 1 of the Orcish
                  | Mines)
 24901 | Orc:1    | Found Vurod's Weapon Shoppe.
 24957 | Orc:2    | Found Hycve's Armour Boutique.
 25037 | Orc:2    | Found a runed translucent door.
 25103 | Orc:2    | Found Paplejen's Book Emporium.
 25387 | Orc:2    | Found Intu's Distillery.
 25388 | Orc:2    | Found Readiev's Book Emporium.
 25722 | Orc:2    | Reached skill level 10 in Fighting
 25722 | Orc:2    | Reached skill level 10 in Short Blades
 25722 | Orc:2    | Reached skill level 10 in Long Blades
 25722 | Orc:2    | Reached skill level 10 in Axes
 25722 | Orc:2    | Reached skill level 10 in Maces & Flails
 25722 | Orc:2    | Reached skill level 10 in Polearms
 25722 | Orc:2    | Reached skill level 10 in Staves
 25722 | Orc:2    | Reached skill level 10 in Ranged Weapons
 25722 | Orc:2    | Reached skill level 10 in Throwing
 25722 | Orc:2    | Reached skill level 10 in Armour
 25722 | Orc:2    | Reached skill level 10 in Shields
 25722 | Orc:2    | Reached skill level 10 in Unarmed Combat
 25722 | Orc:2    | Reached skill level 10 in Evocations
 25857 | Orc:2    | Found Buemongi's Magic Scroll Shop.
 25868 | Orc:2    | Bought a potion of curing for 36 gold pieces
 25868 | Orc:2    | Bought 2 potions of heal wounds for 120 gold pieces
 25868 | Orc:2    | Bought 2 potions of curing for 72 gold pieces
 25868 | Orc:2    | Bought a potion of resistance for 120 gold pieces
 25870 | Orc:2    | Bought a scroll of fear for 72 gold pieces
 25870 | Orc:2    | Bought a scroll of teleportation for 54 gold pieces
 26113 | D:10     | Bought a book of Death for 616 gold pieces
 26122 | D:10     | Learned a level 7 spell: Haunt
 26349 | D:12     | Reached XP level 15. HP: 108/122 MP: 6/32
 26359 | D:12     | Found a frozen archway.
 26434 | IceCv    | Entered an ice cave
 26646 | IceCv    | Identified the +7 flail of Laifeb {vorpal, Drain rC+ rCorr}
 26842 | IceCv    | Identified the -1 pair of boots "Uqupliho" {+Blink rF-
                  | Str+4 Stlth+}
 27320 | IceCv    | Identified the Secrets of the Nine Gods
 28603 | D:13     | Noticed Jorgrun
 28610 | D:13     | Killed Jorgrun
 28917 | D:13     | Found a shimmering altar of Xom.
 29550 | D:14     | Noticed Rupert
 29550 | D:14     | Found a gate to the Vaults.
 30373 | D:14     | Killed Rupert
 30727 | D:14     | Reached XP level 16. HP: 112/129 MP: 23/33
 31240 | D:14     | Reached skill level 11 in Unarmed Combat
 31453 | D:15     | Entered Level 15 of the Dungeon
 31624 | D:15     | Noticed Roxanne
 31635 | D:15     | Killed Roxanne
 31656 | D:15     | Identified the cursed +0 helmet of Ashenzari's Annoyance
                  | {Fort, Melee} (You took it off Robin on level 4 of the
                  | Dungeon)
 31656 | D:15     | Identified the cursed +0 pair of gloves of the Eternal God
                  | {Cun, Bglg} (You found it on level 1 of the Dungeon)
 31656 | D:15     | Identified the cursed +0 pair of boots "Manifest Vexation"
                  | {Alch, Fort} (You found it on level 2 of the Lair of
                  | Beasts)
 31829 | D:15     | Found an opulent altar of Gozag.
 31830 | D:15     | Found Gozag's Platinum Reserve.
 31978 | D:15     | Found a staircase to the Depths.
 32275 | D:15     | Reached skill level 10 in Ice Magic
 33031 | Swamp:1  | Entered Level 1 of the Swamp
 33115 | Swamp:1  | Noticed Aizul
 33127 | Swamp:1  | Killed Aizul
 33411 | Swamp:1  | Noticed Donald
 33424 | Swamp:1  | Killed Donald
 33881 | Swamp:1  | Noticed Nikola
 33896 | Swamp:1  | Killed Nikola
 34105 | Swamp:1  | Learned a level 7 spell: Malign Gateway
 34512 | Swamp:2  | Noticed a fenstrider witch
 34517 | Swamp:2  | Killed a fenstrider witch
 34971 | Swamp:3  | Noticed a thorn hunter
 34981 | Swamp:3  | Killed a thorn hunter
 35664 | Swamp:3  | Reached ****** piety under Ashenzari
 35677 | Swamp:3  | Reached XP level 17. HP: 141/142 MP: 24/37
 35723 | Swamp:3  | Reached skill level 10 in Conjurations
 35723 | Swamp:3  | Reached skill level 10 in Hexes
 35723 | Swamp:3  | Reached skill level 10 in Necromancy
 35723 | Swamp:3  | Reached skill level 10 in Translocations
 35723 | Swamp:3  | Reached skill level 10 in Transmutations
 35723 | Swamp:3  | Reached skill level 10 in Fire Magic
 35723 | Swamp:3  | Reached skill level 10 in Air Magic
 35723 | Swamp:3  | Reached skill level 10 in Earth Magic
 35723 | Swamp:3  | Reached skill level 10 in Poison Magic
 36491 | Swamp:4  | Entered Level 4 of the Swamp
 36782 | Swamp:4  | Reached skill level 12 in Unarmed Combat
 37462 | Swamp:4  | Got a decaying rune of Zot
 37606 | Spider:1 | Entered Level 1 of the Spider Nest
 37737 | Spider:1 | Noticed Frances
 37743 | Spider:1 | Killed Frances
 39670 | Spider:2 | Reached XP level 18. HP: 152/152 MP: 17/39
 40690 | Spider:3 | Noticed Kirke
 41607 | Spider:3 | Killed Kirke
 42569 | Spider:4 | Entered Level 4 of the Spider Nest
 43746 | Spider:4 | Reached skill level 13 in Unarmed Combat
 44226 | Spider:4 | Identified the +7 rapier of Theory {drain, rCorr Str+2}
 45118 | Spider:4 | Got a gossamer rune of Zot
 45555 | Depths:1 | Entered Level 1 of the Depths
 45839 | Depths:1 | Reached XP level 19. HP: 154/159 MP: 15/40
 46316 | Depths:1 | Found a one-way gate leading to the halls of Pandemonium.
 47435 | Depths:1 | Found a gateway to Hell.
 47451 | Depths:1 | Identified the +2 demon blade of the Changing Gods {drain,
                  | Will++}
 47451 | Depths:1 | Identified the +3 leather armour "Amailaor" {rC+ rN+}
 48864 | Depths:2 | Noticed a juggernaut
 48984 | Depths:2 | Killed a juggernaut
 50330 | D:8      | Found a runed translucent door.
 50465 | D:8      | Found a runed translucent door.
 50468 | D:8      | Identified the +0 acid dragon scales of the True Pharaoh
                  | {rCorr Slay+3}
 50526 | D:8      | Identified the +10 short sword "Bial" {elec, Stlth+}
 50575 | D:8      | Reached skill level 15 in Invocations
 50669 | D:8      | Identified the +7 short sword "Duotwod" {antimagic, rElec
                  | Str-4 Int+10 Dex-4}
 51174 | D:1      | Bought the ring "Ommiub" {rCorr Str+4 SInv} for 360 gold
                  | pieces
 51525 | Slime:1  | Entered Level 1 of the Pits of Slime
 51733 | Slime:2  | Reached XP level 20. HP: 105/168 MP: 22/42
 52064 | Slime:4  | Reached skill level 14 in Unarmed Combat
 52310 | Slime:5  | Entered Level 5 of the Pits of Slime
 52595 | Slime:5  | Identified the +1 pair of gloves of the Shrike {Int+2}
 52626 | Slime:5  | Found the +8 demon trident "Rift" {distort, reach+}
 52743 | Slime:5  | Identified the +7 short sword of the Doomed Warrior
                  | {vorpal, *Rage rElec Int+10 Dex-4}
 52948 | Slime:5  | Noticed the Royal Jelly
 52998 | Slime:5  | Gained mutation: You occasionally lose the ability to drink
                  | potions when taking damage. [a shining eye]
 53257 | Slime:5  | Gained mutation: You occasionally shout uncontrollably at
                  | your foes. [a shining eye]
 53260 | Slime:5  | Gained mutation: You are dopey. (Int -2) [a shining eye]
 53403 | Slime:4  | Lost mutation: You occasionally lose the ability to drink
                  | potions when taking damage. [potion of mutation]
 53403 | Slime:4  | Lost mutation: You occasionally shout uncontrollably at
                  | your foes. [potion of mutation]
 53403 | Slime:4  | Lost mutation: You are dopey. (Int -2) [potion of mutation]
 53403 | Slime:4  | Gained mutation: You sometimes lose your temper in combat.
                  | [potion of mutation]
 53403 | Slime:4  | Gained mutation: You are agile. (Dex +4, Str/Int -1)
                  | [potion of mutation]
 53403 | Slime:4  | Gained mutation: You have sharp toenails. [potion of
                  | mutation]
 53404 | Slime:4  | Lost mutation: You have sharp toenails. [potion of
                  | mutation]
 53404 | Slime:4  | Lost mutation: You sometimes lose your temper in combat.
                  | [potion of mutation]
 53404 | Slime:4  | Gained mutation: Your magical capacity is low. (-10% MP)
                  | [potion of mutation]
 53404 | Slime:4  | Gained mutation: You are robust. (+10% HP) [potion of
                  | mutation]
 53494 | Slime:2  | Reached skill level 15 in Spellcasting
 53938 | Vaults:1 | Entered Level 1 of the Vaults
 54422 | Vaults:1 | Reached skill level 15 in Dodging
 54671 | Vaults:1 | Identified the Codex of Hot Formation
 54911 | Vaults:1 | Reached skill level 15 in Stealth
 55357 | Vaults:1 | Learned a level 5 spell: Lee's Rapid Deconstruction
 55366 | Vaults:1 | Learned a level 8 spell: Summon Horrible Things
 56308 | Vaults:2 | Noticed Jory
 56365 | Vaults:1 | Reached skill level 15 in Ice Magic
 56535 | Vaults:2 | Noticed Boris
 56543 | Vaults:2 | Killed Boris
 56557 | Vaults:2 | Reached XP level 21. HP: 178/195 MP: 18/39
 57215 | Elf:1    | Entered Level 1 of the Elven Halls
 57512 | Elf:1    | Found Ypairphiyc's Antique Armour Shoppe.
 57527 | Elf:1    | Found Daschyta's Weapon Shoppe.
 57559 | Elf:1    | Found Waesew's Antique Armour Shop.
 57574 | Elf:1    | Bought a transparent ring mail for 189 gold pieces
 57574 | Elf:1    | Identified the +0 ring mail of the Spheres {rN+} (You
                  | bought it in a shop on level 1 of the Elven Halls)
 57574 | Elf:1    | Bought a dull robe for 119 gold pieces
 57574 | Elf:1    | Identified the +0 robe of Zedim {Contam +Blink rPois Str+5}
                  | (You bought it in a shop on level 1 of the Elven Halls)
 57574 | Elf:1    | Bought an ancient robe for 119 gold pieces
 57574 | Elf:1    | Identified the +0 robe of Defiance {rElec rN++ MP-9 Stlth-}
                  | (You bought it in a shop on level 1 of the Elven Halls)
 57708 | Elf:1    | Found Loevotot's Weapon Shop.
 57726 | Elf:1    | Found Tawiprib's Assorted Antiques.
 57738 | Elf:1    | Bought a potion of curing for 87 gold pieces
 57738 | Elf:1    | Bought a potion of heal wounds for 145 gold pieces
 57975 | Elf:1    | Reached skill level 15 in Unarmed Combat
 58220 | Elf:1    | Noticed Asterion
 58233 | Elf:1    | Killed Asterion
 58681 | Elf:2    | Paralysed by an air elemental for 1 turns
 58683 | Elf:2    | Paralysed by an air elemental for 1 turns
 59128 | Elf:2    | Found a runed translucent gate.
 59129 | Elf:2    | Found a runed translucent gate.
 59130 | Elf:2    | Found a runed translucent gate.
 59546 | Elf:3    | Entered Level 3 of the Elven Halls
 59825 | Elf:3    | Paralysed by an air elemental for 1 turns
 59828 | Elf:3    | Paralysed by an air elemental for 1 turns
 59833 | Elf:3    | Paralysed by an air elemental for 1 turns
 59902 | Elf:3    | Reached skill level 15 in Fighting
 59902 | Elf:3    | Reached skill level 15 in Short Blades
 59902 | Elf:3    | Reached skill level 15 in Long Blades
 59902 | Elf:3    | Reached skill level 15 in Axes
 59902 | Elf:3    | Reached skill level 15 in Maces & Flails
 59902 | Elf:3    | Reached skill level 15 in Polearms
 59902 | Elf:3    | Reached skill level 15 in Staves
 59902 | Elf:3    | Reached skill level 15 in Ranged Weapons
 59902 | Elf:3    | Reached skill level 15 in Throwing
 59902 | Elf:3    | Reached skill level 15 in Armour
 59902 | Elf:3    | Reached skill level 15 in Shields
 59902 | Elf:3    | Reached skill level 15 in Evocations
 60131 | Elf:3    | Found Pughiu's Magic Scroll Shop.
 60139 | Elf:3    | Bought a scroll of fear for 60 gold pieces
 60139 | Elf:3    | Bought a scroll of fear for 60 gold pieces
 60150 | Elf:3    | Identified the ring "Muox" {Fire SInv}
 60377 | Elf:3    | Identified the +4 flail "Yson" {drain, Str-2 Int+4 SInv}
 60435 | Elf:3    | Paralysed by an air elemental for 1 turns
 60437 | Elf:3    | Identified the ring "Ylirim Dehep" {rCorr SInv}
 60536 | Elf:3    | Identified Xywub's Spellbook of Blasphemous Liturgies
 61233 | Elf:3    | Identified the ring "Xubinou" {Int+4 Dex+6}
 61480 | Elf:3    | Identified the +7 falchion "Lohag" {vorpal, rC++ Str+2
                  | Int+5}
 62141 | Vaults:2 | Identified the +0 scale mail of Shadows and Fog {Rampage
                  | Regen+}
 62145 | Vaults:2 | Reached XP level 22. HP: 204/204 MP: 31/40
 62250 | Vaults:2 | Reached skill level 16 in Unarmed Combat
 62986 | Vaults:2 | Killed Jory
 63276 | Vaults:2 | Identified the +6 rapier of the Vulture {vorpal, Fragile
                  | Str+4 Dex+3}
 63278 | Vaults:2 | Found a staircase to the Crypt.
 64037 | Vaults:3 | Identified the +4 shortbow of Tettyith {venom, rElec Will-
                  | Str+3}
 64738 | Vaults:3 | Reached skill level 15 in Summonings
 65335 | Vaults:3 | Identified the +8 falchion of the Lost Geomancers {venom,
                  | rElec rPois Will+ Int-2}
 65353 | Vaults:3 | Reached skill level 17 in Unarmed Combat
 66333 | Vaults:4 | Reached XP level 23. HP: 205/215 MP: 35/42
 67603 | Vaults:5 | Entered Level 5 of the Vaults
 67608 | Vaults:5 | Noticed an ancient lich
 67617 | Vaults:5 | Killed an ancient lich
 67644 | Vaults:5 | Noticed a dread lich
 67660 | Vaults:5 | Identified the ring "Niwoys Hune" {rElec rPois rC+++ Dex-4}
 67663 | Vaults:5 | Identified the +2 mace of the Sugar Beet {freeze, rElec rN+
                  | Dex-4}
 67663 | Vaults:5 | Identified the amulet "Kaunufra" {Reflect -Tele Int+8 SH+5}
 67691 | Vaults:5 | Noticed an ancient lich
 67702 | Vaults:5 | Killed an ancient lich
 67957 | Vaults:5 | Identified the +5 morningstar of Drought {flame, Contam
                  | Str+4 Dex+6}
 67969 | Vaults:5 | Killed a dread lich
 67970 | Vaults:5 | Reached skill level 18 in Unarmed Combat
 68036 | Vaults:5 | Identified the ring of Yskes {Fly Str+6}
 68270 | Vaults:5 | Noticed a dread lich
 68280 | Vaults:5 | Killed a dread lich
 68413 | Vaults:5 | Reached XP level 24. HP: 228/228 MP: 32/42
 68603 | Vaults:5 | Got a silver rune of Zot
 68789 | Vaults:5 | Identified the ring of Foolhardiness {AC+4 Str+5}
 69170 | Vaults:5 | Found Kosinyint's Armour Shop.
 69355 | Vaults:5 | Bought the +18 shield of the Gong {rElec rN+ Will+ EV-5}
                  | for 1167 gold pieces
 69355 | Vaults:5 | Found the +18 shield of the Gong {rElec rN+ Will+ EV-5}
 69676 | Vaults:5 | Found the +6 lightning scales {swift, rElec}
 70564 | Depths:3 | Found a one-way gateway to a ziggurat.
 70612 | Depths:3 | Found a sacrificial altar of Ru.
 70665 | Depths:3 | Found a flickering gateway to a bazaar.
 70710 | Bazaar   | Entered a bazaar
 70767 | Bazaar   | Found Qewastri's Antique Weapon Emporium.
 70778 | Bazaar   | Found Taugoklieq's Antique Weapon Shoppe.
 70795 | Bazaar   | Found Mijuras's Antique Armour Emporium.
 70814 | Bazaar   | Found Weddonely's Antique Armour Shoppe.
 70819 | Bazaar   | Bought a pair of embroidered boots for 202 gold pieces
 70819 | Bazaar   | Bought a pair of glowing gloves for 202 gold pieces
 70819 | Bazaar   | Bought a fine chain mail for 256 gold pieces
 70819 | Bazaar   | Identified the +8 chain mail of Precision Catastrophes {rC+
                  | Will+ Int-2 Slay+3 Stlth+} (You bought it in a shop in a
                  | bazaar)
 70833 | Bazaar   | Bought a dazzling arbalest for 256 gold pieces
 70833 | Bazaar   | Identified the +2 arbalest of the Special Ships {elec, rF+
                  | Str+3 Dex+2 Stlth+} (You bought it in a shop in a bazaar)
 70833 | Bazaar   | Bought a faintly glowing war axe for 229 gold pieces
 70833 | Bazaar   | Identified the +7 war axe of the Beastly God {vorpal, rPois
                  | rCorr} (You bought it in a shop in a bazaar)
 70843 | Bazaar   | Bought a smoking spear for 184 gold pieces
 70843 | Bazaar   | Identified the +3 spear "Ixtublo" {venom, rPois rC++ Str-5
                  | Dex-4} (You bought it in a shop in a bazaar)
 70895 | Depths:3 | Identified the +5 halberd "Ozucipp" {flame, rC+}
 71042 | Depths:3 | Found a one-way gate to the infinite horrors of the Abyss.
 71157 | Depths:3 | Identified the ring of Azoipt {Ice rPois}
 71157 | Depths:3 | Noticed Josephina
 71191 | Depths:3 | Killed Josephina
 71503 | Depths:3 | Noticed a juggernaut
 71514 | Depths:3 | Killed a juggernaut
 71515 | Depths:3 | Reached skill level 19 in Unarmed Combat
 71580 | Depths:3 | Identified the +8 short sword of Qosaor {speed, rElec}
 71595 | Depths:3 | Identified the +5 scimitar "Zasikhli" {flame, +Blink rElec
                  | Will- SInv}
 71758 | Depths:3 | Identified Sif Muna's Compilation of Ghastly Displacement
 72523 | Depths:4 | Entered Level 4 of the Depths
 72644 | Depths:3 | Learned a level 9 spell: Dragon's Call
 72670 | Depths:4 | Noticed a juggernaut
 72683 | Depths:4 | Killed a juggernaut
 73297 | Depths:4 | Reached XP level 25. HP: 206/229 MP: 22/42
 73692 | Depths:4 | Found a gate to the Realm of Zot.
 74139 | Depths:4 | Upgraded the game from 0.29-a0-1023-g6ae1a4a2c7 to
                  | 0.29-a0-1027-gcd8c55af63
 74368 | D:10     | Bought an Everburning Encyclopedia for 364 gold pieces
 74604 | Depths:3 | Learned a level 6 spell: Eringya's Noxious Bog
 74608 | Depths:3 | Learned a level 3 spell: Ignite Poison
 75487 | Slime:5  | Killed the Royal Jelly
 75815 | Slime:5  | Identified the Directory of Focus
 75817 | Slime:5  | Identified the Directory of Attendants
 75833 | Slime:5  | Got a slimy rune of Zot
 76470 | Slime:5  | Lost mutation: You are robust. (+10% HP) [potion of
                  | mutation]
 76470 | Slime:5  | Lost mutation: You are agile. (Dex +4, Str/Int -1) [potion
                  | of mutation]
 76470 | Slime:5  | Gained mutation: You are resistant to electric shocks.
                  | (rElec) [potion of mutation]
 76470 | Slime:5  | Gained mutation: You expend magic power (3 MP) to
                  | strengthen your wands. [potion of mutation]
 76470 | Slime:5  | Gained mutation: You are agile. (Dex +4, Str/Int -1)
                  | [potion of mutation]
 76470 | Slime:5  | Gained mutation: You have sharp toenails. [potion of
                  | mutation]
 76544 | Lair:5   | Learned a level 8 spell: Necromutation
 76702 | D:10     | Bought 3 scrolls of amnesia for 144 gold pieces
 77216 | Slime:5  | Learned a level 4 spell: Passage of Golubria
 77627 | Crypt:1  | Entered Level 1 of the Crypt
 78095 | Crypt:1  | Reached skill level 20 in Unarmed Combat
 78358 | Crypt:1  | Found a large runed translucent door.
 78358 | Crypt:1  | Found a large runed translucent door.
 78715 | Crypt:1  | Identified the +0 leather armour of the Wheelwright {+Blink
                  | rElec}
 78718 | Crypt:1  | Noticed Muhathrim's ghost (veteran MiBe)
 78718 | Crypt:1  | Identified the ring "Naiblira" {Str+6 SInv}
 78923 | Crypt:2  | Reached skill level 15 in Conjurations
 78923 | Crypt:2  | Reached skill level 15 in Hexes
 78923 | Crypt:2  | Reached skill level 15 in Necromancy
 78923 | Crypt:2  | Reached skill level 15 in Translocations
 78923 | Crypt:2  | Reached skill level 15 in Transmutations
 78923 | Crypt:2  | Reached skill level 15 in Fire Magic
 78923 | Crypt:2  | Reached skill level 15 in Air Magic
 78923 | Crypt:2  | Reached skill level 15 in Earth Magic
 78923 | Crypt:2  | Reached skill level 15 in Poison Magic
 79264 | Crypt:2  | Found an ancient bone altar of Kikubaaqudgha.
 79632 | Crypt:2  | Noticed Sojobo
 79638 | Crypt:2  | Banished Sojobo
 80007 | Crypt:2  | Found a runed translucent gate.
 80008 | Crypt:2  | Found a runed translucent gate.
 80009 | Crypt:2  | Found a runed translucent gate.
 80009 | Crypt:2  | Identified the +7 rapier of True Grit {vorpal, rN+ Will+
                  | rCorr Int+4}
 80009 | Crypt:2  | Noticed Dihet's ghost (veteran MiBe)
 80320 | Crypt:3  | Entered Level 3 of the Crypt
 80745 | Crypt:3  | Identified the +9 short sword of Ducour {distort, rCorr
                  | Str+2}
 81447 | Crypt:3  | Identified the +4 great mace of Oriocok Byec {holy, rF+}
 81462 | Crypt:3  | Found a staircase to the Tomb.
 81462 | Crypt:3  | Noticed an ancient lich
 81664 | Crypt:3  | Identified the +9 hand axe of Tomorrow {holy, SInv}
 83040 | Crypt:3  | Identified the Parchment of Bread
 83061 | Crypt:3  | Found an ancient bone altar of Kikubaaqudgha.
 83088 | Crypt:3  | Noticed a dread lich
 83361 | Crypt:3  | Killed a dread lich
 83366 | Crypt:3  | Reached XP level 26. HP: 224/224 MP: 5/42
 83531 | Crypt:3  | Killed an ancient lich
 83709 | Crypt:3  | Learned a level 2 spell: Blink
 84254 | Zot:1    | Entered Level 1 of the Realm of Zot
 84489 | Zot:1    | Acquired 681 gold pieces
 85416 | Zot:1    | Reached skill level 21 in Unarmed Combat
 86683 | Zot:2    | Noticed a Killer Klown
 87679 | Zot:2    | Noticed a Killer Klown
 87700 | Zot:2    | Banished a Killer Klown
 88270 | Zot:2    | Killed a Killer Klown
 89780 | Zot:3    | Found the +4 dragonskin cloak
 89780 | Zot:3    | Noticed Tiamat
 91054 | Zot:3    | Reached XP level 27. HP: 235/235 MP: 25/43
 91208 | Zot:3    | Killed Tiamat
 91722 | Zot:3    | Noticed an orb of fire
 91737 | Zot:3    | Killed an orb of fire
 92328 | Zot:4    | Reached skill level 22 in Unarmed Combat
 93819 | Zot:5    | Entered Level 5 of the Realm of Zot
 94853 | Zot:5    | Identified the +7 spear "Jifeephie" {flame, Str+7 Int+5}
 95034 | Zot:5    | Noticed an ancient lich
 95157 | Zot:5    | Banished an ancient lich
 95695 | Zot:5    | Noticed an orb of fire
 95829 | Zot:5    | Noticed a dread lich
 95978 | Zot:5    | Banished a dread lich
 96075 | Zot:5    | Noticed an orb of fire
 96103 | Zot:5    | Killed an orb of fire
 96147 | Zot:5    | Killed an orb of fire
 96595 | Zot:5    | Noticed an orb of fire
 96615 | Zot:5    | Killed an orb of fire
 97262 | Zot:5    | Noticed an orb of fire
 97262 | Zot:5    | Noticed an orb of fire
 97375 | Zot:5    | Noticed an orb of fire
 97383 | Zot:5    | Killed an orb of fire
 97506 | Zot:5    | Noticed an orb of fire
 97730 | Zot:5    | Banished an orb of fire
 98343 | Zot:5    | Killed an orb of fire
 98648 | Zot:5    | Reached skill level 23 in Unarmed Combat
 99880 | Zot:5    | Killed an orb of fire
100345 | Zot:5    | Got the Orb of Zot
100572 | Depths:2 | Noticed Biyl the pandemonium lord
100951 | D:$      | Escaped with the Orb!

Illustrated notes

Levels and vault maps discovered:
D:1:      lightli_arrival_chessboard, layout_basic, serial_shops, shop,
          shapermc_ecumenical_altar_pompeii
D:2:      layout_basic
D:3:      layout_basic, minmay_bisected
D:4:      layout_gridville, minmay_temple_entry_tees, minmay_misc_feat_rugged,
          uniq_sigmund, uniq_robin, uniq_ijyb
D:5:      layout_rooms, nicolae_dithmenos_shadow_blocks
D:6:      layout_layer_cave, grunt_decor_cap
D:7:      layout_loops_ring, mainiacjoe_overflow_catwalk, general_overflow_altar
D:8:      minmay_the_grid_triangle_9x9_rhombus_full
          [minmay_the_grid_triangle_9x9_zippers_horizontal,
          minmay_the_grid_triangle_9x9_warning,
          minmay_the_grid_triangle_9x9_limited_checkers,
          minmay_the_grid_triangle_9x9_flanged_cone,
          minmay_the_grid_triangle_9x9_zippers_vertical,
          minmay_the_grid_triangle_9x9_steps,
          minmay_the_grid_triangle_9x9_tough_junction,
          minmay_the_grid_triangle_9x9_prize_center], layout_loops_ring,
          uniq_erica, uniq_maggie, uniq_psyche, uniq_grum
D:9:      layout_irregular_city, erik_lair_dragon, nicolae_stop_n_shop_1,
          eino_jars
D:10:     layout_stronghold, palyth_temple_overflow_mages, serial_shops,
          shop_statue, nicolae_diamond_shop, nicolae_stop_n_shop_1,
          nicolae_stop_n_shop_2, minmay_misc_feat_roman, uniq_erolcha
D:11:     layout_small_grid, david_orc_2, dreamdust_gnoll_shepherd, uniq_harold
D:12:     layout_long_grid, portal_ice_cave_entry_pillars_2
D:13:     layout_irregular_city, led_xom_imps, uniq_jorgrun
D:14:     layout_gridville, david_vaults_3, hangedman_decor_opposing
D:15:     grunt_enter_depths_hoard, layout_loops_corners,
          nicolae_gozag_zags_fifth_avenue, nicolae_titane, uniq_roxanne
Temple:   eino_temple_scatter_basement
Lair:1:   layout_gridlike, gammafunk_ghost_wrathful_warriors,
          serial_bayou_lagoon_b, uniq_urug
Lair:2:   layout_long_grid, spider_nest_entry_web_field, gammafunk_ghost_arena,
          disabler_island
Lair:3:   layout_misc_corridors, minmay_swamp_entry_reptiles
Lair:4:   layout_regular_city
Lair:5:   evilmike_catoblepas_cave, layout_long_grid, slime_entry_1,
          grunt_megastairs_3
Swamp:1:  layout_basic_swamp, evilmike_swamp_ruin_house_4, swamp_pool4,
          nicolae_swamp_trees_clearing, uniq_donald, uniq_aizul, uniq_nikola
Swamp:2:  layout_falls_marsh, evilmike_swamp_ruin_rubble_2, swamp_pool1
Swamp:3:  nzn_winding_woodlands_small
          [nzn_winding_woodlands_5x15_river_crossing,
          nzn_winding_woodlands_center_pierced_h,
          nzn_winding_woodlands_5x15_split_checker], layout_basic_swamp,
          serial_swamp_ruin, evilmike_swamp_ruin_house_5,
          evilmike_swamp_ruin_rubble_1, evilmike_swamp_ruin_house_2
Swamp:4:  swamp_alternative, layout_basic_swamp
Spider:1: layout_cave_pods, uniq_frances
Spider:2: spiders_nest_scorpion_pit
Spider:3: layout_spider_delve, uniq_kirke
Spider:4: grunt_spider_rune_parallel
Slime:1:  layout_caves
Slime:2:  layout_caves
Slime:3:  layout_caves
Slime:4:  layout_caves, nicolae_slime_welcoming_committee
Slime:5
Orc:1:    layout_caves, serial_shops, shop, nicolae_shop_overgrown_old_shop,
          nicolae_shop_advertising_works [nicolae_subvault_shop_adworks],
          nicolae_shop_bloodbath_and_beyond
Orc:2:    grunt_orc_tribal_feast, layout_caves, serial_shops, shop,
          lightli_church_of_beogh
Elf:1:    elf_arrival_002, layout_geoelf_grid, serial_shops, shop, shop, shop,
          nicolae_shop_statue_plus, shop, hangedman_corner_corridor,
          nicolae_twisting_strands, uniq_asterion
Elf:2:    nicolae_elf_blades_splatter_lattice
          [nicolae_blade_entry_diamond_columns], layout_onion_city
Elf:3:    minmay_elf_hall_curves, layout_rooms, serial_shops, shop_statue,
          fountainhead
Vaults:1: ontoclasm_vaults_twist, vaults_dpeg_emergency_exit,
          nicolae_vaults_ninety_degrees, nicolae_vaults_big_ls,
          nicolae_vaults_quartermaster, vaults_dpeg_diagonal,
          ontoclasm_vaults_tryst, nicolae_vaults_little_squares_3,
          nicolae_vaults_little_squares_3, layout_vaults_omnigrid
Vaults:2: v_misc_18, nicolae_vaults_network_s, dpeg_vaults_monster_row,
          minmay_crypt_entry_simple_statues, vaults_dpeg_doors,
          nicolae_vaults_network_square, ontoclasm_vaults_bender,
          grunt_vaults_bifocal, nicolae_vaults_little_squares_6,
          dpeg_vaults_waves, nicolae_vaults_little_ls,
          nicolae_vaults_three_branches, hangedman_vaults_trim,
          vaults_room_hallway, layout_vaults_big_cross, uniq_jory, uniq_boris
Vaults:3: nicolae_vaults_ring_of_whatevers, st_eye, v_misc_26,
          hangedman_vaults_pinch, v_misc_26, v_alt_pattern_2,
          nicolae_vaults_alarming, vaults_room_grid, ontoclasm_vaults_fault,
          nicolae_vaults_little_squares_1, serial_ice_b,
          hangedman_vaults_stagger, v_misc_22, layout_vaults_omnibox
Vaults:4: vaults_room_door_hall, ontoclasm_vaults_pinch,
          nicolae_vaults_ring_of_whatevers, vaults_mumra_hex,
          hangedman_vaults_capsules, v_misc_13, v_pattern_1,
          nicolae_vaults_network_quinsquares
          [nicolae_vaults_network_quincunx_subvault,
          nicolae_vaults_network_quincunx_subvault,
          nicolae_vaults_network_quincunx_subvault,
          nicolae_vaults_network_quincunx_subvault], v_misc_22,
          nicolae_vaults_stairing_the_circle, v_misc_8, vaults_mumra_chevron,
          hangedman_vaults_corner_blocks, layout_vaults_ring
Vaults:5
Crypt:1:  layout_gridlike, ebering_ghost_disaster_area
Crypt:2:  layout_gridlike, basic_altar, gammafunk_ghost_necromancy, uniq_grunn,
          uniq_sojobo
Crypt:3:  quadcrypt_mu
Depths:1: layout_basic, grunt_pan_entry_sceptre, hellmouth_2,
          serial_co_window_serial, co_window_paths_a, co_window_paths_b,
          co_window_paths_a, co_window_paths_a, co_window_paths_a,
          co_window_paths_a, co_window_cross_4, co_window_unsneaky_path_a,
          co_window_unsneaky_path_d, co_window_unsneaky_path_a,
          co_window_paths_e, co_window_paths_d, glass_columns_c,
          glass_columns_c, glass_columns_a, glass_columns_b
Depths:2: minmay_octagon_keep, layout_cross, kennysheep_big_empty_room,
          pan_entry, hell_entry, grunt_decor_clamped,
          minmay_mirror_moons_of_madness, infiniplex_staircase_spiral_double
Depths:3: grunt_arcs, layout_cave_pools, enter_ziggurat_e,
          pf_hell_entry_tar_river, nicolae_ru_awakened_eye, serial_shops,
          bzr_entry_gold, abyss_entry_crystal, pan_entry, uniq_josephina
Depths:4: grunt_zot_entry_bicorn, layout_cave_shapes, hellmouth_1,
          nrook_campfire
Zot:1:    layout_basic, hangedman_zot_diagonal_lockstep
Zot:2:    grunt_zot_stairs_faceoff, layout_basic, st_small_dragon_hoard_2
Zot:3:    layout_gridville, uniq_tiamat
Zot:4:    layout_onion_interference, grunt_ministairs_12, hangedman_swamp_dais
Zot:5:    layout_basic

Skill      XL: |  1  2  3  4  5  6  7  8  9 10 11 12 13 14 15 16 17 18 19 20 21 22 23 24 25 26 27 |
---------------+----------------------------------------------------------------------------------+-----
Spellcasting   | 5 6 7 8 9 10 11 12 13 14 15 16 17 18 19 20 | 20.1
Invocations    | 1 2 3 4 5 6 7 8 9 10 11 12 13 14 15 16 17 18 19 20 21 | 21.2
Fighting       | 1 2 3 5 6 7 8 9 10 11 12 13 14 15 16 17 19 20 21 22 | 22.9
Short Blades   | 1 2 3 5 6 7 8 9 10 11 12 13 14 15 16 17 18 19 | 19.6
Long Blades    | 1 2 3 5 6 7 8 9 10 11 12 13 14 15 16 17 18 19 | 19.6
Axes           | 1 2 3 5 6 7 8 9 10 11 12 13 14 15 16 17 18 19 | 19.6
Maces & Flails | 1 2 3 5 6 7 8 9 10 11 12 13 14 15 16 17 19 21 | 21.1
Polearms       | 1 2 3 5 6 7 8 9 10 11 12 13 14 15 16 17 18 19 | 19.6
Staves         | 1 2 3 5 6 7 8 9 10 11 12 13 14 15 16 17 18 19 | 19.6
Ranged Weapons | 1 2 3 5 6 7 8 9 10 11 12 13 14 15 16 17 18 19 | 19.6
Throwing       | 1 2 3 5 6 7 8 9 10 11 12 13 14 15 16 17 18 19 | 19.6
Armour         | 1 2 3 5 6 7 8 9 10 11 12 13 14 15 16 17 18 19 | 19.6
Shields        | 1 2 3 5 6 7 8 9 10 11 12 13 14 15 16 17 18 19 | 19.6
Unarmed Combat | 1 2 3 5 6 7 8 9 10 11 12 13 14 15 17 18 19 20 21 23 | 23.3
Evocations     | 1 2 3 5 6 7 8 9 10 11 12 13 14 15 16 17 18 19 | 19.6
Conjurations   | 1 2 3 4 5 6 7 8 9 10 11 12 13 14 15 16 | 16.7
Hexes          | 1 2 3 4 5 6 7 8 9 10 11 12 13 14 15 16 | 16.7
Necromancy     | 1 2 3 4 5 6 7 8 9 10 11 12 13 14 15 16 | 16.7
Translocations | 1 2 3 4 5 6 7 8 9 10 11 12 13 14 15 16 | 16.7
Transmutations | 1 2 3 4 5 6 7 8 9 10 11 12 13 14 15 16 | 16.7
Fire Magic     | 1 2 3 4 5 6 7 8 9 10 11 12 13 14 15 16 | 16.7
Ice Magic      | 1 2 3 4 5 6 7 8 9 10 12 13 14 15 16 17 18 19 20 21 | 21.5
Air Magic      | 1 2 3 4 5 6 7 8 9 10 11 12 13 14 15 16 | 16.7
Earth Magic    | 1 2 3 4 5 6 7 8 9 10 11 12 13 14 15 16 | 16.7
Poison Magic   | 1 2 3 4 5 6 7 8 9 10 11 12 13 14 15 16 | 16.7
Dodging        | 5 6 7 8 9 10 11 12 13 14 15 16 17 18 20 21 | 21.8
Stealth        | 5 6 7 8 9 10 11 12 13 14 15 16 17 18 19 20 | 20.0
Summonings     | 8 9 10 11 12 13 14 15 16 17 18 | 18.0

Action                   |  1- 3 |  4- 6 |  7- 9 | 10-12 | 13-15 | 16-18 | 19-21 | 22-24 | 25-27 || total
-------------------------+-------+-------+-------+-------+-------+-------+-------+-------+-------++-------
Melee: Unarmed           |     6 |       |       |       |       |       |       |       |       ||     6
       Club              |     6 |       |       |       |       |       |       |       |       ||     6
       Dagger            |    42 |    40 |   102 |    35 |       |       |       |       |       ||   219
       Bite              |     6 |     5 |    10 |    17 |    45 |    47 |    84 |   139 |   105 ||   458
       Punch             |       |       |       |     1 |       |       |       |       |       ||     1
       Quarterstaff      |       |       |       |    76 |   215 |       |       |       |       ||   291
       Flail             |       |       |       |       |    46 |   324 |   449 |   657 |    33 ||  1509
       Demon trident     |       |       |       |       |       |       |       |       |   974 ||   974
       War axe           |       |       |       |       |       |       |       |       |    13 ||    13
 Fire: Shortbow          |       |       |     3 |       |       |       |       |       |       ||     3
Throw: Dart              |       |       |       |       |     1 |       |       |       |       ||     1
 Cast: Summon Small Mamm |    57 |    37 |    11 |     5 |       |       |       |       |       ||   110
       Call Imp          |     1 |     1 |     2 |     1 |       |       |       |       |       ||     5
       Call Canine Famil |     2 |     9 |    32 |    36 |     3 |     1 |     2 |       |       ||    85
       Summon Guardian G |       |     4 |    13 |    32 |     6 |       |       |       |       ||    55
       Summon Lightning  |       |       |    33 |   105 |    65 |     6 |     6 |       |       ||   215
       Summon Forest     |       |       |       |    16 |    48 |    27 |    24 |     5 |     1 ||   121
       Summon Cactus Gia |       |       |       |    15 |    68 |    30 |    65 |    50 |     4 ||   232
       Summon Mana Viper |       |       |       |     2 |    12 |     4 |     5 |       |       ||    23
       Yara's Violent Un |       |       |       |       |     4 |     1 |    20 |     7 |     2 ||    34
       Haunt             |       |       |       |       |    45 |   247 |   116 |    89 |   129 ||   626
       Malign Gateway    |       |       |       |       |       |    26 |    44 |    29 |    19 ||   118
       Summon Horrible T |       |       |       |       |       |       |    17 |    55 |    36 ||   108
       Lee's Rapid Decon |       |       |       |       |       |       |     5 |    10 |       ||    15
       Dragon's Call     |       |       |       |       |       |       |       |     4 |    41 ||    45
       Necromutation     |       |       |       |       |       |       |       |       |   169 ||   169
       Eringya's Noxious |       |       |       |       |       |       |       |       |    12 ||    12
       Ignite Poison     |       |       |       |       |       |       |       |       |     8 ||     8
       Passage of Golubr |       |       |       |       |       |       |       |       |    11 ||    11
       Blink             |       |       |       |       |       |       |       |       |     7 ||     7
Invok: Curse Item        |       |       |     3 |     6 |     2 |     4 |     3 |     2 |     4 ||    24
       Shatter the Chain |       |       |       |     2 |     3 |     1 |     3 |     2 |     3 ||    14
 Abil: End Transformatio |       |       |       |       |       |       |       |       |     1 ||     1
Evoke: Wand              |       |       |       |       |     1 |     1 |       |       |       ||     2
       Box of beasts     |       |       |       |       |       |       |     2 |       |     1 ||     3
       Condenser vane    |       |       |       |       |       |       |       |     1 |     1 ||     2
       Phial of floods   |       |       |       |       |       |       |       |     1 |       ||     1
       Lightning rod     |       |       |       |       |       |       |       |       |     1 ||     1
       Phantom mirror    |       |       |       |       |       |       |       |       |     1 ||     1
  Use: Potion            |       |       |       |     1 |       |     1 |     3 |    28 |     9 ||    42
       Scroll            |       |       |       |     1 |     8 |     2 |     7 |    10 |    10 ||    38
 Stab: Sleeping          |     5 |       |     1 |       |     1 |       |     6 |     3 |     9 ||    25
       Distracted        |       |       |     3 |     3 |     5 |     8 |     9 |    23 |    44 ||    95
       Petrified         |       |       |       |     2 |       |       |       |     2 |       ||     4
       Confused          |       |       |       |       |       |       |       |     1 |       ||     1
       Petrifying        |       |       |       |       |       |       |       |     1 |       ||     1
Armor: Robe              |    14 |     5 |    14 |    30 |    20 |       |       |       |       ||    83
       Leather armour    |       |       |    15 |       |       |       |       |       |       ||    15
       Ring mail         |       |       |       |       |    76 |   196 |   235 |   255 |   265 ||  1027
Dodge: Dodged            |    37 |    28 |    79 |   174 |   190 |   279 |   374 |   541 |   311 ||  2013
Block: Kite shield       |       |       |       |       |    14 |   356 |   309 |   172 |   436 ||  1287
       Buckler           |       |       |       |       |       |       |    61 |   255 |       ||   316
       Reflection        |       |       |       |       |       |       |    23 |    15 |       ||    38

Table legend: (Time is in decaauts)
 A = Elapsed time spent in this place.
 B = Non-inter-level travel time spent in this place.
 C = Inter-level travel time spent in this place.
 D = Time resting spent in this place.
 E = Time spent auto-exploring this place.
 F = Levels seen in this place.
 G = Mean time per level.
                   A        B        C        D        E       F      G
               +--------+--------+--------+--------+--------+-----+--------+
         Total | 100571 |  90359 |  10212 |   3306 |  67749 |  58 | 1734.0 |
       Dungeon |  25493 |  21233 |   4260 |      7 |  17366 |  15 | 1699.5 |
        Temple |    317 |    280 |     37 |      0 |    263 |   1 |  317.0 |
          Lair |   7473 |   6501 |    972 |     18 |   5546 |   5 | 1494.6 |
         Swamp |   4747 |   4557 |    190 |      0 |   3671 |   4 | 1186.8 |
   Spider Nest |   8070 |   7429 |    641 |     88 |   5769 |   4 | 2017.5 |
    Slime Pits |   3944 |   3731 |    213 |    594 |   1925 |   5 |  788.8 |
  Orcish Mines |   2566 |   2346 |    220 |      0 |   1813 |   2 | 1283.0 |
   Elven Halls |   4650 |   4392 |    258 |      0 |   3239 |   3 | 1550.0 |
        Vaults |  11653 |  10197 |   1456 |     17 |   7476 |   5 | 2330.6 |
         Crypt |   6210 |   5760 |    450 |    293 |   4463 |   3 | 2070.0 |
        Depths |   8493 |   7604 |    889 |    379 |   5417 |   4 | 2123.2 |
           Zot |  15539 |  14917 |    622 |   1910 |   9934 |   5 | 3107.8 |
        Bazaar |    151 |    151 |      0 |      0 |    107 |   1 |  151.0 |
      Ice Cave |   1256 |   1256 |      0 |      0 |    757 |   1 | 1256.0 |
               +--------+--------+--------+--------+--------+-----+--------+

Top non-repeatable levels by time:
   Zot:5: 6120 daAuts
 Crypt:3: 3389 daAuts
     D:8: 3007 daAuts
Vaults:1: 2929 daAuts
Spider:4: 2897 daAuts
Vaults:2: 2782 daAuts
   Zot:2: 2662 daAuts
     D:9: 2621 daAuts
   Zot:1: 2588 daAuts
Spider:2: 2490 daAuts
Depths:1: 2436 daAuts
   Zot:3: 2431 daAuts
Vaults:5: 2319 daAuts
    D:14: 2199 daAuts
Depths:2: 2171 daAuts
